 Dungeon Crawl Stone Soup version 0.20-a0-266-gdedccd6 (webtiles) character file.

525 roflturtle the Gusty (level 7, -3/36 HPs)
             Began as a Tengu Air Elementalist on Dec 5, 2016.
             Slain by Edmund
             ... wielding a +0 dire flail of venom
              (4 damage)
             ... on level 4 of the Dungeon.
             The game lasted 00:15:54 (3437 turns).

roflturtle the Gusty (Tengu Air Elementalist)       Turns: 3437, Time: 00:15:55

Health: -3/36      AC:  2    Str:  8    XL:     7   Next: 23%
Magic:  8/12       EV: 14    Int: 17    God:
Gold:   193        SH:  0    Dex: 15    Spells: 4/12 levels left

rFire  . . .     SeeInvis .     o - +2 short sword (venom)
rCold  . . .     Gourm    .     a - +0 robe
rNeg   . . .     Faith    .     (no shield)
rPois  .         Spirit   .     (helmet restricted)
rElec  .         Reflect  .     (no cloak)
rCorr  .         Harm     .     (no gloves)
MR     .....                    (boots unavailable)
Stlth  ++........               (no amulet)
                                (no ring)
                                (no ring)

@: lethally poisoned (-3 -> -20)
A: beak, talons 3, able to fly 1
a: Fly


You were on level 4 of the Dungeon.
You were not hungry.

You visited 1 branch of the dungeon, and saw 5 of its levels.

You collected 193 gold pieces.

Inventory:

Hand Weapons
 o - a +2 short sword of venom (weapon)
 r - a +1 hand axe of venom
Armour
 a - a +0 robe (worn)
Rods
 p - a -1 rod of clouds (10/10)
   (You found it on level 3 of the Dungeon)
Jewellery
 g - a +2 ring of strength {unknown}
 k - an uncursed ring of see invisible {unknown}
 n - an uncursed amulet of the gourmand {unknown}
 u - an uncursed amulet of the gourmand {unknown}
Scrolls
 d - a scroll of immolation {unknown}
 e - 4 scrolls of identify {unknown}
 f - a scroll of fog {unknown}
 j - 3 scrolls of remove curse {unknown}
 l - 3 scrolls of blinking {unknown}
 q - a scroll of noise {unknown}
 s - 2 scrolls of teleportation {unknown}
 v - a scroll of enchant weapon {unknown}
 x - a scroll of magic mapping {unknown}
Potions
 h - a potion of agility {unknown}
 i - 2 potions of heal wounds {unknown}
 m - a potion of curing {unknown}
 t - a potion of degeneration {unknown}
 w - a potion of might {unknown}
 B - 2 potions of brilliance {unknown}
Books
 b - a book of Air

   Spells                             Type                      Level
   a - Shock                          Conjuration/Air              1
   b - Swiftness                      Charms/Air                   2
   c - Repel Missiles                 Charms/Air                   2
   d - Static Discharge               Conjuration/Air              3
   e - Lightning Bolt                 Conjuration/Air              5
Comestibles
 c - 3 bread rations
 z - a slice of pizza
 A - 4 chunks of flesh


   Skills:
 - Level 4.1 Dodging
 - Level 2.0 Stealth
 - Level 3.0 Spellcasting
 - Level 6.1 Conjurations
 + Level 1.0 Charms
 - Level 6.2 Air Magic


You had 4 spell levels left.
You knew the following spells:

 Your Spells              Type           Power        Failure   Level  Hunger
a - Shock                 Conj/Air       ###.         1%          1    None
b - Repel Missiles        Chrm/Air       ##....       10%         2    ##.....
c - Swiftness             Chrm/Air       ##......     10%         2    ##.....
d - Static Discharge      Conj/Air       ###.....     6%          3    ###....


Dungeon Overview and Level Annotations

Branches:
Dungeon (5/15)
 Temple: D:4-7

Altars:

Annotations:
D:4 Edmund


Innate Abilities, Weirdness & Mutations

You have a beak for a mouth.
You have claws for feet.
You can fly.


Message History

Press: ? - help, Shift-Dir - straight line The zap hits Edmund.
Edmund is heavily wounded.
The zap hits Edmund.
Edmund is severely wounded.
Edmund hits you with a dire flail of venom!
* * * LOW HITPOINT WARNING * * *
You are lethally poisoned!
Casting: Shock
Confirm with . or Enter, or press ? or * to list all spells.
Aiming: Shock
Press: ? - help, Shift-Dir - straight line The zap hits Edmund.
Edmund is severely wounded.
The zap hits Edmund.
Edmund is almost dead.
* * * LOW HITPOINT WARNING * * *
You feel sick.
Edmund hits you with a dire flail of venom.
You die...

#.....##'######.##......# #.#.#
##[....#.......#.##....#.###.#.#
.'....['.......#.#######..##.#.##
##.....#.......#.# ##.##.#...
#...).#.......#.# #..#.#...
#######.......#.# ##.#.#...
#.......#.# #.#.#... #.......#.#
#.#.#.##
#.......#@#########...#.#
#.....(.#.@.............##
#.......############.>.(..
######.......# #######
#............# #............###
#..............# #.....######...#
#.....# #...#


You could see Edmund.

Vanquished Creatures
  Sigmund (D:2)
  A big kobold (D:2)
  A hound (D:4)
  Jessica (D:1)
  2 worker ants
  A hound skeleton (D:4)
  Robin (D:2)
  3 gnolls (D:3)
  5 adders
  An ooze (D:1)
  2 worms (D:2)
  3 dart slugs
  A leopard gecko (D:1)
  2 orcs
  8 bats
  3 giant cockroaches
  15 goblins
  12 hobgoblins
  2 jackals
  5 kobolds
  A ball python (D:2)
  4 frilled lizards
  A quokka skeleton (D:4)
  9 rats
85 creatures vanquished.

Notes
Turn   | Place    | Note
-------+----------+-------------------------------------------
     0 | D:1      | roflturtle the Tengu Air Elementalist began the quest for the Orb.
     0 | D:1      | Reached XP level 1. HP: 10/10 MP: 4/4
   184 | D:1      | Reached XP level 2. HP: 15/15 MP: 6/6
   192 | D:1      | Learned a level 2 spell: Repel Missiles
   195 | D:1      | Learned a level 2 spell: Swiftness
   493 | D:1      | Reached XP level 3. HP: 19/19 MP: 1/7
   812 | D:2      | Reached skill level 5 in Air Magic
  1130 | D:2      | Noticed Jessica
  1132 | D:2      | Noticed Robin
  1151 | D:1      | Killed Jessica
  1151 | D:1      | Reached XP level 4. HP: 12/24 MP: 5/8
  1458 | D:2      | Killed Robin
  1506 | D:2      | Gained mutation: You can fly. [Tengu growth]
  1506 | D:2      | Reached XP level 5. HP: 17/28 MP: 0/9
  1752 | D:2      | Noticed Sigmund
  1765 | D:2      | Killed Sigmund
  1765 | D:2      | Reached XP level 6. HP: 32/32 MP: 1/10
  1770 | D:2      | Learned a level 3 spell: Static Discharge
  2103 | D:3      | Identified a -1 rod of clouds (10/10) (You found it on level 3 of the Dungeon)
  2338 | D:3      | Reached XP level 7. HP: 30/36 MP: 9/12
  2659 | D:3      | Found a faded altar of an unknown god.
  3343 | D:4      | Reached skill level 1 in Charms
  3419 | D:5      | Entered Level 5 of the Dungeon
  3419 | D:5      | Noticed Edmund
  3437 | D:4      | HP: 1/36 [poisoned by Edmund]
  3437 | D:4      | Slain by Edmund

Vault maps used:
D:1:      dpeg_arrival_three_same_balls, hangedman_decor_peaks_small
D:2:      first_bread, uniq_sigmund, uniq_jessica, uniq_robin
D:3:      chequers_ecumenical_altar_twisty, minmay_misc_feat_ornament,
          kennysheep_generic_room_6
D:5:      lemuel_angel_altar, uniq_pikel, uniq_edmund

Skill      XL: |  1  2  3  4  5  6  7 |
---------------+----------------------+-----
Conjurations   | 2 3 6 |  6.1
Air Magic      | 5 6 |  6.2
Dodging        | 3 4 |  4.1
Spellcasting   | 3 |  3.0
Charms         | 1 |  1.0
Stealth        | |  2.0

Action                   |  1- 3 |  4- 6 |  7- 9 || total
-------------------------+-------+-------+-------++-------
Melee: Unarmed           |    15 |       |       ||    15
       Kick              |     7 |    10 |     6 ||    23
       Dagger            |     9 |    38 |       ||    47
       Peck              |     2 |     8 |     3 ||    13
       Short sword       |       |    11 |    10 ||    21
 Cast: Shock             |    35 |    72 |    36 ||   143
  Use: Potion            |       |     1 |       ||     1
 Stab: Sleeping          |     2 |     1 |     1 ||     4
  Eat: Chunk             |     1 |     5 |     3 ||     9
Armor: Robe              |    20 |    10 |     1 ||    31
Dodge: Dodged            |    34 |    48 |     6 ||    88
